 Dungeon Crawl Stone Soup version 0.22.0-75-g3901e79 (webtiles) character file.

1198 lysyklops the Covered (level 8, -11/51 HPs)
             Began as a Gargoyle Fighter on Sept 12, 2018.
             Killed by divine providence
             ... invoked by an orc priest
              (14 damage)
             ... on level 5 of the Dungeon.
             The game lasted 00:10:53 (4200 turns).

lysyklops the Covered (Gargoyle Fighter)            Turns: 4200, Time: 00:10:55

Health: -11/51     AC: 16    Str: 22      XL:     8   Next: 44%
Magic:  8/8        EV:  8    Int:  9      God:
Gold:   271        SH: 10    Dex:  8 (9)  Spells: 7/7 levels left

rFire    . . .     SeeInvis .   y - +0 flail (holy)
rCold    . . .     Gourm    .   c - +0 shield
rNeg     + . .     Faith    .   b - +0 scale mail
rPois    ∞         Spirit   .   (no helmet)
rElec    +         Reflect  .   (no cloak)
rCorr    .         Harm     .   (no gloves)
MR       .....                  A - +2 pair of boots
Stlth    ..........             (no amulet)
HPRegen  0.17/turn              (no ring)
MPRegen  0.11/turn              (no ring)

@: no status effects
A: negative energy resistance 1, electricity resistance, unbreathing,
petrification resistance, rot immunity, AC +5
a: no special abilities


You were on level 5 of the Dungeon.
You were not hungry.

You visited 1 branch of the dungeon, and saw 5 of its levels.

You collected 271 gold pieces.

Inventory:

Hand Weapons
 a - a +0 flail
 x - a +2 mace of holy wrath
 y - a +0 flail of holy wrath (weapon)
Armour
 b - a +0 scale mail (worn)
 c - a +0 shield (worn)
 A - a +2 pair of boots (worn)
Jewellery
 j - an uncursed ring of magical power {unknown}
 v - a +5 ring of strength {unknown}
 C - an uncursed amulet of guardian spirit {unknown}
Wands
 z - a wand of acid (8)
Scrolls
 e - 4 scrolls of teleportation {unknown}
 h - a scroll of enchant weapon {unknown}
 k - 2 scrolls of remove curse {unknown}
 l - a scroll of enchant armour {unknown}
 n - 2 scrolls of blinking {unknown}
 o - 4 scrolls of identify {unknown}
 p - 2 scrolls of fog {unknown}
 u - a scroll of immolation {unknown}
 w - a scroll of amnesia {unknown}
 B - a scroll of fear {unknown}
Potions
 d - 2 potions of might
 g - a potion of agility {unknown}
 i - a potion of degeneration {unknown}
 m - a potion of curing {unknown}
 q - a potion of lignification {unknown}
 r - 4 potions of heal wounds {unknown}
 s - a potion of invisibility {unknown}
 t - a potion of magic {unknown}
Comestibles
 f - 10 rations
 D - a chunk of flesh


   Skills:
 + Level 6.2 Fighting
 + Level 5.2 Maces & Flails
 + Level 6.4 Armour
 + Level 6.2 Shields


You had 7 spell levels left.
You didn't know any spells.
Your spell library was empty.

Dungeon Overview and Level Annotations

Branches:
Dungeon (5/15)
 Temple: D:4-7

Altars:
Dithmenos
Elyvilon
Fedhas
Makhleb
Sif Muna
Uskayaw
Vehumet
Wu Jian

Shops:
D:5 :


Innate Abilities, Weirdness & Mutations

You are resistant to torment.
Your stone body is resilient. (AC +5)
You are immune to poison.
You resist negative energy. (rN+)
You are resistant to electric shocks. (rElec)
You can survive without breathing.
You are immune to petrification.
You are immune to rotting.


Message History

The orc priest calls upon Beogh to heal the orc.
The orc's wounds heal themselves!
You barely miss the orc. You block the orc's attack. x2
You closely miss the orc. You block the orc's attack.
You sock the orc!
You kill the orc!
The orc priest looks encouraged for a moment.
The orc priest casts a cantrip, but nothing happens.
The orc priest mumbles some strange prayers to Beogh against you.
Beogh smites you!
* * * LOW HITPOINT WARNING * * *
Things that are here:
a club; a leather armour The orc priest calls down the wrath of Beogh upon you.
Beogh smites you!
* * * LOW HITPOINT WARNING * * *
The orc priest begins to cast a cantrip, but forgets the words!
The orc priest invokes the aid of Beogh against you.
Beogh smites you!
You die...

###### #....# #.##.#
#.##.# #.##.#
########.##.#######
#...o.o............
##@#####.##.#######
#.#.))...#.##
..#.###.....######
..##.###.....##....
#.. #.##.._8_.##.###
#.. #.).......##.#
#.. #..##.....##.#
#......#########.###
#.##.## #######....


You could see 2 orc priests.

Vanquished Creatures
  An ice beast (D:5)
  A sky beast (D:5)
  2 scorpions (D:4)
  4 crimson imps (D:5)
  A quasit (D:5)
  A centaur zombie (D:5)
  A centaur skeleton (D:4)
  2 hounds
  3 orc wizards
  4 orc priests
  Jessica (D:2)
  Natasha (D:3)
  Terence (D:2)
  3 worker ants
  9 adders
  6 gnolls
  An ooze (D:2)
  An adder skeleton (D:4)
  3 worms
  3 dart slugs
  5 leopard geckos
  20 orcs
  7 giant cockroaches
  5 goblins
  4 hobgoblins
  7 jackals
  2 quokkas (D:4)
  5 bats
  8 frilled lizards
  9 kobolds
  3 rats
124 creatures vanquished.

Notes
Turn   | Place    | Note
-------+----------+-------------------------------------------
     0 | D:1      | lysyklops the Gargoyle Fighter began the quest for the Orb.
     0 | D:1      | Reached XP level 1. HP: 14/14 MP: 1/1
   119 | D:1      | Reached XP level 2. HP: 13/19 MP: 2/2
   592 | D:1      | Reached XP level 3. HP: 18/23 MP: 3/3
   763 | D:2      | Reached XP level 4. HP: 29/29 MP: 4/4
   874 | D:2      | Found a radiant altar of Vehumet.
   877 | D:2      | Found a burning altar of Makhleb.
   995 | D:2      | Noticed Jessica
  1000 | D:2      | Killed Jessica
  1004 | D:2      | Found a hide-covered altar of Uskayaw.
  1039 | D:2      | Noticed Terence
  1057 | D:2      | Killed Terence
  1057 | D:2      | Reached XP level 5. HP: 33/33 MP: 5/5
  1588 | D:3      | Found a blossoming altar of Fedhas.
  1619 | D:3      | Found a white marble altar of Elyvilon.
  1877 | D:3      | Noticed Natasha
  1887 | D:3      | Killed Natasha
  1887 | D:3      | Reached XP level 6. HP: 23/39 MP: 6/6
  2069 | D:3      | Found a deep blue altar of Sif Muna.
  2268 | D:4      | Reached skill level 5 in Armour
  2461 | D:4      | Reached skill level 5 in Fighting
  2510 | D:4      | Reached XP level 7. HP: 33/44 MP: 7/7
  2578 | D:3      | Reached skill level 5 in Shields
  3296 | D:5      | Entered Level 5 of the Dungeon
  3570 | D:5      | Reached XP level 8. HP: 48/51 MP: 8/8
  3805 | D:5      | Reached skill level 5 in Maces & Flails
  3864 | D:5      | Found Ahop's Book Boutique.
  3908 | D:5      | Found a white marble altar of Elyvilon.
  4145 | D:5      | Found a shadowy altar of Dithmenos.
  4145 | D:5      | Found an ornate altar of the Wu Jian Council.
  4193 | D:5      | HP: 2/51 [orc priest/divine providence (11)]
  4200 | D:5      | Killed from afar by an orc priest

Skill      XL: |  1  2  3  4  5  6  7  8 |
---------------+-------------------------+-----
Armour         | 4 5 6 |  6.4
Fighting       | 4 5 6 |  6.2
Maces & Flails | 3 4 5 |  5.2
Shields        | 4 5 6 |  6.2

Action                   |  1- 3 |  4- 6 |  7- 9 || total
-------------------------+-------+-------+-------++-------
Melee: Flail             |   144 |   252 |   271 ||   667
  Eat: Chunk             |       |     6 |     6 ||    12
Armor: Scale mail        |    98 |   146 |   170 ||   414
Dodge: Dodged            |    55 |    97 |    64 ||   216
Block: Shield            |    94 |   158 |   146 ||   398
